 Dungeon Crawl Stone Soup version 0.26.0-91-g99b343417d (webtiles) character file.

Game seed: 15510658146247300083

7739 teolandon225 the Unseen (level 11, -6/47 HPs)
             Began as a Spriggan Enchanter on Feb 3, 2021.
             Was an Initiate of Gozag.
             Mangled by a two-headed ogre
             ... wielding a +0 giant club
              (22 damage)
             ... on level 9 of the Dungeon.
             The game lasted 00:39:31 (16004 turns).

teolandon225 the Unseen (Spriggan Enchanter)       Turns: 16004, Time: 00:39:32

Health: -6/47      AC:  3    Str:  4    XL:     11   Next: 0%
Magic:  1/16       EV: 31    Int: 26    God:    Gozag
Gold:   566        SH:  0    Dex: 25    Spells: 2/15 levels left

rFire    . . .     SeeInvis +   l - +3 dagger (elec)
rCold    x . .     Faith    .   (shield restricted)
rNeg     . . .     Spirit   .   g - +0 robe
rPois    +         Reflect  .   (helmet restricted)
rElec    +         Harm     .   j - +0 cloak {rPois}
rCorr    .         Rampage  .   (gloves unavailable)
Will     +....                  (boots unavailable)
Stlth    +++++++...             (no amulet)
HPRegen  0.15/turn              A - ring of Erim Ogrug {rElec rC- Int+6 Dex+8}
MPRegen  0.15/turn              B - ring of see invisible

@: very quick
A: very small, unfitting armour, see invisible, speed 3
a: Renounce Religion, Potion Petition, Call Merchant, Bribe Branch


You were on level 9 of the Dungeon.
You worshipped Gozag.
Gozag was pleased with you.
You visited 2 branches of the dungeon, and saw 10 of its levels.
You also visited: Bailey.

You collected 809 gold pieces.
You paid 243 gold pieces to Gozag.

Inventory:

Hand Weapons
 a - a +1 dagger
 b - a +0 hunting sling
 l - a +3 dagger of electrocution (weapon)
 q - a +2 dagger of speed
Missiles
 h - 302 stones (quivered)
Armour
 g - a +0 robe (worn)
 j - a +0 cloak of poison resistance (worn)
 o - a +1 buckler
Jewellery
 A - the ring of Erim Ogrug (left hand) {rElec rC- Int+6 Dex+8}
   (You found it on level 5 of the Dungeon)

   [ring of intelligence]

   It affects your intelligence (+6).
   It affects your dexterity (+8).
   It makes you vulnerable to cold.
   It insulates you from electricity.
 B - a ring of see invisible (right hand)
Wands
 d - a wand of digging (4)
 y - a wand of acid (9)
 C - a wand of flame (5)
Scrolls
 c - a scroll of immolation
 k - 4 scrolls of fear
 r - 4 scrolls of identify
 s - a scroll of blinking
 u - a scroll of enchant weapon
 v - 5 scrolls of teleportation
 x - 3 scrolls of remove curse
Potions
 e - 2 potions of berserk rage
 f - 5 potions of might
 i - 3 potions of flight
 m - a potion of haste
 n - 4 potions of lignification
 p - 4 potions of curing
 t - a potion of magic {unknown}
 w - a potion of mutation
 z - a potion of heal wounds
 D - a potion of cancellation {unknown}
 E - 2 potions of attraction
 F - a potion of resistance {unknown}


   Skills:
 - Level 1.1 Short Blades
 + Level 11.4 Dodging
 + Level 15.2 Stealth
 * Level 5.4 Shields
 - Level 2.6 Spellcasting
 - Level 10.7 Hexes


You had 2 spell levels left.
You knew the following spells:

 Your Spells              Type           Power        Failure   Level
a - Corona                Hex            62%          1%          1
b - Apportation           Tloc           6%           10%         1
e - Tukima's Dance        Hex            56%          1%          3
q - Ensorcelled Hibernat  Hex/Ice        62%          1%          2
r - Dazzling Flash        Conj/Hex       62%          3%          3
w - Confusing Touch       Hex            56%          1%          3

Your spell library contained the following spells:

 Spells                   Type           Power        Failure   Level
 Animate Skeleton         Necr           6%           10%         1
 Summon Small Mammal      Summ           12%          10%         1


Dungeon Overview and Level Annotations

Branches:
Dungeon (9/15)             Temple (1/1) D:6            Lair (0/6) D:8
    Orc (0/2) D:9          Bailey (visited)

Altars:
Ashenzari
Cheibriados
Dithmenos
Elyvilon
Fedhas
Gozag
Hepliaklqana
Kikubaaqudgha
Makhleb
Nemelex Xobeh
Okawaru
Qazlal
Ru
Sif Muna
Trog
Uskayaw
Vehumet
Wu Jian
Xom
Yredelemnul
Zin
The Shining One

Annotations:
D:3 exclusion: 3 downstairs
D:4 exclusion: downstairs
D:7 2 transporters, exclusion: downstairs, thiole's ghost, novice OpWz
D:8 exclusion: 2 downstairs


Innate Abilities, Weirdness & Mutations

You are very small and have problems with some larger weapons.
You are too small for most types of armour.
You have supernaturally acute eyesight. (SInv)
You cover ground extremely quickly.


Message History

The two-headed ogre becomes distracted by the nearby gold, dreaming of imaginary riches.
Casting: Ensorcelled Hibernation (safe; 1% risk of failure)
Confirm with . or Enter, or press ? or * to list all spells.
Aiming: Ensorcelled Hibernation (safe; 1% risk of failure)
Press: ? - help, Shift-Dir - straight line, f/p - two-headed ogre
Aim: a two-headed ogre, wielding two +0 giant clubs (lightly wounded, unaware, hasn't noticed you, chance to affect: 42%)
The two-headed ogre is no longer distracted by gold.
The two-headed ogre resists with some effort.
The two-headed ogre misses you.
The two-headed ogre completely misses you.
The worker ant completely misses you.
You hit the two-headed ogre.
Lightning courses through the two-headed ogre!
The two-headed ogre is moderately wounded.
The worker ant completely misses you.
The two-headed ogre hits you with a +0 giant club!!
Ouch! That really hurt!
The two-headed ogre hits you with a +0 giant club!!
You die...
Your body crumbles into a pile of gold.

*,,,******#..........# #....##.
*,,,* #..........# #..).'.. *,,,*
#....).≈≈..######...##. *,,,***
#......≈≈..'....'....#. ,,,,,,*
#..........######......
,,,,,,**###...?}.....# #......
,,,,,,**.............# #......
,,,,,,,,......oB.$$..# #....#.
,,,,,,,>......oO@$...# #....#.
,,,,,,,,..#######$#.#######....#.
,,,,*8,,,8* #...^........#.#.
*******+*** ###.########.#>#.
*,,,,,* #.# #.#.#. *,,,,,* #.#
#####.#.#. *,,_,,* #.# #.....#.#.
*,,,,,* #.# #.#####.#. *,,,,,*
#.# #.#.###.#.


You could see a two-headed ogre, a worker ant, an orc priest and an orc.

Vanquished Creatures
  A two-headed ogre (D:9)
  An elephant (D:8)
  A troll (D:6)
  A hornet (D:7)
  A wyvern (D:8)
  5 yaks (D:9)
  A basilisk (D:8)
  Menkaure (D:4)
  A water moccasin (D:9)
  4 orc warriors
  5 sky beasts
  4 ice beasts
  3 black bears
  7 ogres
  2 phantoms
  4 centaurs
  Blork the orc (D:6)
  A bullfrog (D:7)
  2 scorpions
  10 wights
  A killer bee (D:7)
  2 howler monkeys (D:7)
  A bullfrog zombie (D:5)
  A crimson imp (D:7)
  2 hounds (D:5)
  A jelly (D:9)
  2 bullfrog skeletons
  9 orc priests
  Natasha (D:2)
  Jessica (D:2)
  A centaur skeleton (D:5)
  3 iguanas
  7 orc wizards
  11 worker ants
  A hound skeleton (D:6)
  3 mummies
  2 howler monkey zombies
  10 adders
  3 gnolls (D:7)
  A shadow imp (D:5)
  A white imp (D:7)
  An ooze (D:5)
  2 adder skeletons (D:5)
  An adder zombie (D:6)
  4 worms
  A dart slug (D:4)
  4 leopard geckos
  30 orcs
  6 giant cockroaches
  13 goblins
  10 hobgoblins
  10 jackals
  6 kobolds
  5 quokkas
  A ball python (D:3)
  7 bats
  5 frilled lizards
  A jackal skeleton (D:9)
  A quokka zombie (D:8)
  4 rats
232 creatures vanquished.

Vanquished Creatures (collateral kills)
  An orc knight (Bailey)
  4 orc warriors (Bailey)
  3 wights
  11 orcs
19 creatures vanquished.

Vanquished Creatures (others)
  2 dancing weapons (Bailey)
  2 plants (D:2)
  3 withered plants (D:8)
7 creatures vanquished.

Grand Total: 258 creatures vanquished

Notes
Turn   | Place    | Note
-------+----------+-------------------------------------------
     0 | D:1      | teolandon225 the Spriggan Enchanter began the quest for the
                  | Orb.
     0 | D:1      | Reached XP level 1. HP: 9/9 MP: 5/5
   523 | D:1      | Found a glowing golden altar of the Shining One.
   653 | D:1      | Reached XP level 2. HP: 9/13 MP: 4/6
   656 | D:1      | Learned a level 2 spell: Ensorcelled Hibernation
   837 | D:1      | Reached skill level 5 in Stealth
  1659 | D:2      | Reached XP level 3. HP: 16/16 MP: 8/8
  1663 | D:2      | Learned a level 3 spell: Confusing Touch
  1743 | D:2      | Noticed Jessica
  1748 | D:2      | Killed Jessica
  2055 | D:2      | Reached skill level 6 in Stealth
  2055 | D:2      | Reached XP level 4. HP: 10/21 MP: 6/9
  2271 | D:2      | Noticed Natasha
  3093 | D:2      | Killed Natasha
  3204 | D:3      | Reached skill level 5 in Hexes
  3694 | D:3      | Reached XP level 5. HP: 24/24 MP: 10/10
  3811 | D:3      | Learned a level 3 spell: Tukima's Dance
  3981 | D:3      | Found a shimmering blue altar of Sif Muna.
  4241 | D:4      | Found a shimmering altar of Xom.
  4241 | D:4      | Found a shimmering altar of Xom.
  4242 | D:4      | Found a shimmering altar of Xom.
  4255 | D:4      | Reached skill level 7 in Stealth
  4808 | D:4      | Noticed a sky beast
  4820 | D:4      | Killed a sky beast
  4821 | D:4      | Reached XP level 6. HP: 28/28 MP: 2/11
  4964 | D:4      | Noticed Menkaure
  5244 | D:4      | Reached skill level 5 in Dodging
  5244 | D:4      | Reached skill level 8 in Stealth
  5453 | D:4      | Reached XP level 7. HP: 31/32 MP: 2/12
  5727 | D:4      | Reached skill level 9 in Stealth
  6703 | D:5      | Entered Level 5 of the Dungeon
  7552 | D:5      | Reached skill level 10 in Stealth
  7566 | D:5      | Reached XP level 8. HP: 36/36 MP: 7/13
  8143 | D:6      | Found a staircase to the Ecumenical Temple.
  8159 | D:6      | Reached skill level 11 in Stealth
  9031 | D:6      | Found a broken altar of Ashenzari.
  9042 | D:6      | Noticed Blork the orc
  9049 | D:6      | Killed Blork the orc
  9118 | D:5      | Got a transparent golden ring
  9145 | D:5      | Identified the ring of Erim Ogrug {rElec rC- Int+6 Dex+8}
                  | (You found it on level 5 of the Dungeon)
  9245 | D:6      | Learned a level 3 spell: Dazzling Flash
  9307 | D:6      | Noticed a troll
  9313 | D:6      | Killed a troll
  9314 | D:6      | Reached skill level 12 in Stealth
  9314 | D:6      | Reached XP level 9. HP: 39/39 MP: 11/14
  9321 | D:6      | Learned a level 1 spell: Apportation
  9707 | D:6      | Reached skill level 10 in Hexes
 10160 | D:5      | Found a blossoming altar of Fedhas.
 10253 | D:5      | Found a bloodstained altar of Trog.
 10394 | D:5      | Found an ornate altar of the Wu Jian Council.
 10394 | D:5      | Found a hazy altar of Hepliaklqana.
 10530 | D:4      | Killed Menkaure
 10744 | D:7      | Reached skill level 13 in Stealth
 10812 | D:7      | Found a radiant altar of Vehumet.
 10812 | D:7      | Found a burning altar of Makhleb.
 10879 | D:7      | Found a transporter.
 10881 | D:7      | Noticed thiole's ghost (novice OpWz)
 10965 | D:7      | Found a transporter.
 11527 | D:7      | Reached skill level 1 in Shields
 12092 | D:8      | Reached XP level 10. HP: 44/44 MP: 15/15
 12114 | D:7      | Noticed a moth of wrath
 12354 | D:8      | Found a staircase to the Lair.
 12354 | D:8      | Noticed an elephant
 12589 | D:8      | Reached skill level 14 in Stealth
 12878 | D:8      | Reached skill level 10 in Dodging
 13630 | D:8      | Killed an elephant
 13907 | D:9      | Found a flagged portal.
 14029 | Bailey   | Entered a bailey
 14671 | Bailey   | Noticed an orc knight
 14672 | Bailey   | Noticed an orc knight
 14697 | Bailey   | Killed an orc knight
 15174 | Temple   | Entered the Ecumenical Temple
 15445 | Temple   | Became a worshipper of Gozag Ym Sagoz the Greedy
 15633 | D:9      | Noticed a two-headed ogre
 15645 | D:9      | Killed a two-headed ogre
 15722 | D:9      | Reached skill level 5 in Shields
 15753 | D:9      | Reached skill level 15 in Stealth
 15985 | D:9      | Reached XP level 11. HP: 39/47 MP: 7/16
 15987 | D:9      | Noticed a two-headed ogre
 16004 | D:9      | Mangled by a two-headed ogre

Illustrated notes

Levels and vault maps discovered:
D:1:      dpeg_arrival_rooms_a, layout_loops_ring, tso_altar
D:2:      layout_loops_cross, chequers_avenue, serial_bayou_pond_b,
          uniq_jessica, uniq_natasha
D:3:      layout_rooms, led_sif_book
D:4:      layout_rooms, xom_redecorated, uniq_menkaure
D:5:      layout_cave_pools, kennysheep_little_box, minitemple, trog_book
D:6:      layout_loops_cross, overflow_temple_1_default,
          minmay_temple_entry_proselytizer, uniq_blork_the_orc
D:7:      layout_loops_corners, grunt_temple_overflow_lords_of_destruction,
          gammafunk_ghost_berserking_beasts, minmay_quadrilaterals
D:8:      layout_basic, david_lair_generic, serial_undead, serial_undead_e,
          serial_undead_f, serial_undead_f, serial_undead_a
D:9:      layout_basic, minmay_orc_entry_temple_small, enter_bailey_3
Temple:   regret_index_temple_generic_petals

Skill      XL: |  1  2  3  4  5  6  7  8  9 10 |
---------------+-------------------------------+-----
Hexes          | 4 5 6 7 9 10 | 10.7
Stealth        | 5 6 7 8 10 12 13 15 | 15.2
Dodging        | 4 5 6 8 9 11 | 11.4
Shields        | 2 5 |  5.4
Short Blades   | |  1.1
Spellcasting   | |  2.6

Action                   |  1- 3 |  4- 6 |  7- 9 | 10-12 || total
-------------------------+-------+-------+-------+-------++-------
Melee: Dagger            |    80 |    53 |   207 |   106 ||   446
 Cast: Corona            |     8 |       |       |       ||     8
       Ensorcelled Hiber |    25 |    60 |    87 |    39 ||   211
       Confusing Touch   |       |       |    16 |    15 ||    31
       Tukima's Dance    |       |       |     2 |    27 ||    29
       Dazzling Flash    |       |       |       |     2 ||     2
  Use: Scroll            |       |    13 |    11 |     1 ||    25
       Potion            |       |       |     3 |       ||     3
 Stab: Sleeping          |    25 |    42 |    75 |    31 ||   173
       Confused          |       |       |    13 |    10 ||    23
       Invisible         |       |       |       |     3 ||     3
Armor: Robe              |     4 |     3 |     6 |     2 ||    15
Dodge: Dodged            |    72 |    28 |   132 |   105 ||   337
